 Dungeon Crawl Stone Soup version 0.30.1-11-g7821555f0a (webtiles) character file.

Game seed: 5706361732776650584

374 Kranky the Grasshopper (level 6, -1/38 (51) HPs)
             Began as a Gnoll Warper on Oct 30, 2023.
             Killed from afar by an orc wizard (9 damage)
             ... with a magic dart
             ... on level 5 of the Dungeon.
             The game lasted 00:05:51 (3189 turns).

Kranky the Grasshopper (Gnoll Warper)               Turns: 3189, Time: 00:05:51

HP:   -1/38 (51)    AC:  9    Str: 13    XL:     6   Next: 72%
MP:   14/14         EV:  8    Int: 12    God:
Gold: 168           SH:  0    Dex: 11    Spells: 13/15 levels left

rFire   . . .        j - +2 whip (elec)
rCold   . . .        (no shield)
rNeg    . . .        u - +0 chain mail
rPois   .            (no helmet)
rElec   .            (no cloak)
rCorr   +            (no gloves)
SInv    .            (no boots)
Will    .....        (no amulet) Stlth
                     z - ring of resist corrosion
HPRegen 0.26/turn    o - ring of flight
MPRegen 0.14/turn

%: no passive effects
@: flying, very heavily drained
A: fangs 1, strong nose, distributed training
a: no special abilities


You were on level 5 of the Dungeon.
You visited 1 branch of the dungeon, and saw 5 of its levels.

You collected 168 gold pieces.

Inventory:

Hand Weapons
 a - a +0 spear
 f - a +0 sling
 j - a +2 whip of electrocution (weapon)
Missiles
 d - 7 boomerangs of dispersal (quivered)
Armour
 b - a +0 leather armour
 i - a +0 ring mail
 u - a +0 chain mail (worn)
Jewellery
 e - a +6 ring of intelligence
 o - a ring of flight (right hand)
 z - a ring of resist corrosion (left hand)
Wands
 n - a wand of paralysis (9)
 v - a wand of iceblast (5)
Scrolls
 c - a scroll of blinking
 k - 3 scrolls of identify {unknown}
 p - 4 scrolls of amnesia {unknown}
 q - 2 scrolls of teleportation {unknown}
 w - a scroll of fog {unknown}
 x - a scroll of acquirement {unknown}
 y - a scroll of magic mapping {unknown}
Potions
 g - a potion of lignification {unknown}
 h - a potion of heal wounds {unknown}
 l - a potion of flight {unknown}
 m - a potion of berserk rage {unknown}
 r - a potion of invisibility {unknown}
 s - 3 potions of curing {unknown}
 t - a potion of attraction {unknown}


   Skills:
 + Level 5.1 Fighting
 + Level 2.1 Short Blades
 + Level 2.1 Long Blades
 + Level 2.1 Axes
 + Level 2.1 Maces & Flails
 + Level 5.1 Polearms
 + Level 2.1 Staves
 + Level 2.1 Ranged Weapons
 + Level 3.4 Throwing
 + Level 3.4 Armour
 + Level 5.1 Dodging
 + Level 2.1 Stealth
 + Level 2.1 Shields
 + Level 2.1 Unarmed Combat
 + Level 5.4 Spellcasting
 + Level 1.7 Conjurations
 + Level 1.7 Hexes
 + Level 1.7 Summonings
 + Level 1.7 Necromancy
 + Level 5.7 Translocations
 + Level 1.7 Transmutations
 + Level 1.7 Fire Magic
 + Level 1.7 Ice Magic
 + Level 1.7 Air Magic
 + Level 1.7 Earth Magic
 + Level 1.7 Poison Magic
 + Level 2.4 Invocations
 + Level 2.1 Evocations


You had 13 spell levels left.
You knew the following spells:

 Your Spells              Type           Power      Damage    Failure   Level
a - Blink                 Tloc           34%        N/A       45%         2

Your spell library contained the following spells:

 Spells                   Type           Power      Damage    Failure   Level
 Lesser Beckoning         Tloc           34%        N/A       45%         2
 Teleport Other           Tloc           17%        N/A       69%         3
 Vhi's Electric Charge    Tloc/Air       24%        N/A       92%         3
 Ensorcelled Hibernation  Hex/Ice        14%        N/A       95%         2
 Manifold Assault         Tloc           17%        N/A       97%         4
 Spider Form              Tmut/Pois      7%         N/A       99%         3
 Anguish                  Hex/Necr       3%         N/A       100%        4


Dungeon Overview and Level Annotations

Branches:
Dungeon (5/15)
 Temple: D:4-7

Altars:
Cheibriados
Fedhas
Hepliaklqana
Sif Muna


Innate Abilities, Weirdness & Mutations

You have very sharp teeth.
Your uncanny sense of smell can sniff out nearby items.
Your experience applies equally to all skills.


Message History

Deactivating autopickup; reactivate with Ctrl-A.
The orc wizard gestures at you while chanting.
You whack the orc priest!
You kill the orc priest!
Something hits you. The orc hits you but does no damage.
You hit something. Lightning courses through something!
Reactivating autopickup.
You feel a bit more experienced. The orc wizard closely misses you.
The orc hits you but does no damage.
You completely miss the orc.
The orc is heavily wounded.
The orc wizard hits you but does no damage.
You feel drained. The orc barely misses you.
You hit the orc.
You kill the orc!
The orc wizard casts a spell.
The orc wizard flickers and vanishes!
Deactivating autopickup; reactivate with Ctrl-A.
You miss something. Something hits you but does no damage.
You feel drained.
You barely miss something. Something hits you.
You feel drained.
You closely miss something. Something hits you.
You feel drained.
You miss something. Something hits you but does no damage.
You feel drained.
You barely miss something. Something hits you.
You feel drained.
You hit something but do no damage. Something hits you but does no damage.
You feel drained.
You barely miss something. Something hits you.
You feel drained.
You closely miss something. Something hits you but does no damage.
You feel drained.
You whack something! Something hits you.
* * * LOW HITPOINT WARNING * * *
You feel drained.
* * * LOW HITPOINT WARNING * * *
You hit something but do no damage. Something hits you.
* * * LOW HITPOINT WARNING * * *
You feel drained.
You miss something.
You hear some strange, mumbled words.
A magic dart appears from out of thin air!
The magic dart hits you!
You die...

# .# ..#
...# ....#
#####.....#
#<.@).#
#..){....#
#........#
#........#
#........#
#........#
#........#
#........#


There were no monsters in sight!

Vanquished Creatures
  A black bear (D:4)
  A scorpion (D:4)
  An orc priest (D:5)
  Jessica (D:2)
  Ijyb (D:3)
  2 orc wizards
  5 adders
  2 worms
  3 dart slugs
  5 orcs
  8 ball pythons
  5 endoplasms
  2 giant cockroaches
  A goblin (D:4)
  8 hobgoblins
  4 jackals (D:3)
  4 kobolds
  A quokka (D:2)
  3 bats (D:1)
  2 frilled lizards (D:1)
  6 rats
66 creatures vanquished.

Notes
Turn   | Place    | Note
-------+----------+-------------------------------------------
     0 | D:1      | Kranky the Gnoll Warper began the quest for the Orb.
     0 | D:1      | Reached XP level 1. HP: 20/20 MP: 6/6
   140 | D:1      | Reached XP level 2. HP: 26/26 MP: 7/7
   519 | D:2      | Reached skill level 5 in Spellcasting
   519 | D:2      | Reached XP level 3. HP: 30/31 MP: 7/9
   566 | D:2      | You fall into a shaft and drop 2 floors!
   684 | D:3      | Reached skill level 1 in Invocations
  1311 | D:2      | Noticed Jessica
  1318 | D:2      | Killed Jessica
  1319 | D:2      | Reached skill level 1 in Short Blades
  1319 | D:2      | Reached skill level 1 in Long Blades
  1319 | D:2      | Reached skill level 1 in Axes
  1319 | D:2      | Reached skill level 1 in Maces & Flails
  1319 | D:2      | Reached skill level 1 in Staves
  1319 | D:2      | Reached skill level 1 in Ranged Weapons
  1319 | D:2      | Reached skill level 1 in Stealth
  1319 | D:2      | Reached skill level 1 in Shields
  1319 | D:2      | Reached skill level 1 in Unarmed Combat
  1319 | D:2      | Reached skill level 1 in Evocations
  1319 | D:2      | Reached XP level 4. HP: 29/38 MP: 11/11
  1643 | D:3      | Noticed Ijyb
  1660 | D:3      | Killed Ijyb
  1661 | D:3      | Reached skill level 1 in Conjurations
  1661 | D:3      | Reached skill level 1 in Hexes
  1661 | D:3      | Reached skill level 1 in Summonings
  1661 | D:3      | Reached skill level 1 in Necromancy
  1661 | D:3      | Reached skill level 1 in Transmutations
  1661 | D:3      | Reached skill level 1 in Fire Magic
  1661 | D:3      | Reached skill level 1 in Ice Magic
  1661 | D:3      | Reached skill level 1 in Air Magic
  1661 | D:3      | Reached skill level 1 in Earth Magic
  1661 | D:3      | Reached skill level 1 in Poison Magic
  1848 | D:3      | Found a blossoming altar of Fedhas.
  2018 | D:3      | Reached XP level 5. HP: 43/43 MP: 12/12
  2456 | D:3      | Found a snail-covered altar of Cheibriados.
  2513 | D:3      | Learned a level 2 spell: Blink
  2609 | D:4      | Found a hazy altar of Hepliaklqana.
  2717 | D:4      | Noticed a black bear
  2730 | D:4      | Killed a black bear
  2731 | D:4      | Reached XP level 6. HP: 37/50 MP: 14/14
  2761 | D:4      | Reached skill level 5 in Fighting
  2761 | D:4      | Reached skill level 5 in Polearms
  2761 | D:4      | Reached skill level 5 in Dodging
  3120 | D:4      | Found a shimmering blue altar of Sif Muna.
  3158 | D:5      | Entered Level 5 of the Dungeon
  3189 | D:5      | Killed from afar by an orc wizard

Illustrated notes

Levels and vault maps discovered:
D:1:      giann_bridges, layout_rooms
D:2:      layout_basic, uniq_jessica
D:3:      layout_basic, nicolae_overflow_hidden_temple, fedhas_altar_fruit_tree,
          uniq_ijyb
D:4:      layout_basic, worldfamousw_hep_ancestral_shrine, lemuel_blue_sif_altar
D:5:      layout_basic, minitemple, mainiacjoe_overflow_surrounded_room,
          lightli_sewer_entry_pipes

Skill      XL: |  1  2  3  4  5  6 |
---------------+-------------------+-----
Spellcasting   | 5 |  5.4
Invocations    | 1 2 |  2.4
Short Blades   | 1 2 |  2.1
Long Blades    | 1 2 |  2.1
Axes           | 1 2 |  2.1
Maces & Flails | 1 2 |  2.1
Staves         | 1 2 |  2.1
Ranged Weapons | 1 2 |  2.1
Stealth        | 1 2 |  2.1
Shields        | 1 2 |  2.1
Unarmed Combat | 1 2 |  2.1
Evocations     | 1 2 |  2.1
Conjurations   | 1 |  1.7
Hexes          | 1 |  1.7
Summonings     | 1 |  1.7
Necromancy     | 1 |  1.7
Transmutations | 1 |  1.7
Fire Magic     | 1 |  1.7
Ice Magic      | 1 |  1.7
Air Magic      | 1 |  1.7
Earth Magic    | 1 |  1.7
Poison Magic   | 1 |  1.7
Throwing       | 3 |  3.4
Armour         | 3 |  3.4
Fighting       | 5 |  5.1
Polearms       | 5 |  5.1
Dodging        | 5 |  5.1
Translocations | |  5.7

Action                     |  1- 3 |  4- 6 || total
---------------------------+-------+-------++-------
  Melee: Spear             |    17 |       ||    17
         Punch             |     2 |     2 ||     4
         Whip              |    64 |   121 ||   185
         Bite              |     3 |     6 ||     9
   Fire: Sling             |    27 |       ||    27
 Armour: Leather armour    |     5 |       ||     5
         Ring mail         |    23 |       ||    23
         Chain mail        |       |    73 ||    73
  Dodge: Dodged            |    57 |    25 ||    82
